 Dungeon Crawl Stone Soup version 0.32-a0-306-gfed3edf829 (webtiles) character file.

Game seed: 13075627667892320682

970 Dittersdorf the Shield-Bearer (level 8, -3/51 HPs)
             Began as a Gargoyle Fighter on Feb 14, 2024.
             Slain by an orc
             ... wielding a +0 falchion
              (6 damage)
             ... on level 6 of the Dungeon.
             The game lasted 00:04:42 (4515 turns).

Dittersdorf the Shield-Bearer (Gargoyle Fighter)    Turns: 4515, Time: 00:04:43

Health: -3/51      AC: 18    Str: 23    XL:     8   Next: 16%
Magic:  8/8        EV:  9    Int:  8    God:
Gold:   255        SH:  5    Dex:  9    Spells: 7/7 levels left

rFire   . . .        a - +1 flail
rCold   . . .        c - +0 buckler
rNeg    + . .        b - +0 scale mail
rPois   ∞            n - +2 helmet
rElec   +            (no cloak)
rCorr   .            (no gloves)
SInv    +            e - +1 pair of boots
Will    .....        s - amulet of regeneration Stlth
                     q - +4 ring of slaying
HPRegen 1.08/turn    v - ring of see invisible
MPRegen 0.11/turn

%: no passive effects
@: no status effects
A: sickness immunity, AC +5, negative energy resistance 1, electricity
resistance, torment resistance 1, petrification resistance
a: no special abilities


You were on level 6 of the Dungeon.
You visited 1 branch of the dungeon, and saw 6 of its levels.

You collected 255 gold pieces.

Inventory:

Hand Weapons
 a - a +1 flail (weapon)
Armour
 b - a +0 scale mail (worn)
 c - a +0 buckler (worn)
 e - a +1 pair of boots (worn)
 n - a +2 helmet (worn)
Jewellery
 p - a ring of fire
 q - a +4 ring of slaying (left hand)
 s - an amulet of regeneration (around neck)
 v - a ring of see invisible (right hand)
Wands
 u - a wand of flame (20) (quivered)
Scrolls
 h - a scroll of teleportation
 m - 2 scrolls of fog
Potions
 f - a potion of magic {unknown}
 j - a potion of curing {unknown}
 k - a potion of brilliance {unknown}
 l - a potion of mutation {unknown}
 t - a potion of enlightenment


   Skills:
 + Level 5.9 Fighting
 + Level 4.9 Maces & Flails
 + Level 5.9 Armour
 + Level 6.0 Shields


You had 7 spell levels left.
You didn't know any spells.
Your spell library contained the following spells:

 Spells                   Type           Power      Damage    Failure   Level
 Sting                    Conj/Alch      0%         1d3       77%         1
 Call Imp                 Summ           0%         N/A       88%         2
 Mercury Vapours          Alch/Air       0%         N/A       88%         2
 Animate Dead             Necr           0%         N/A       100%        4
 Olgreb's Toxic Radiance  Alch           0%         N/A       100%        4
 Haunt                    Necr/Summ      0%         N/A       100%        7
 Summon Hydra             Summ           0%         N/A       100%        7
 Infestation              Necr           0%         N/A       100%        8
 Sublimation of Blood     Necr           Unusable   N/A       N/A         2

Dungeon Overview and Level Annotations

Branches:
Dungeon (6/15)
 Temple: D:4-7

Altars:

Shops:
D:6 :


Innate Abilities, Weirdness & Mutations

You are immune to sickness and miasma.
Your stone body is resilient. (AC +5)
You are immune to poison.
You resist negative energy. (rN+)
You are resistant to electric shocks. (rElec)
You are resistant to unholy torment.
You are immune to petrification.


Message History

You are too injured to fight recklessly!
You are too injured to fight recklessly!
You are too injured to fight recklessly!
The orc shouts!
You hit the orc wizard.
The orc wizard is severely wounded.
The orc hits you but does no damage. The orc warrior closely misses you.
The orc wizard hits you but does no damage.
The orc hits you but does no damage. The orc barely misses you.
You closely miss the orc wizard.
The orc wizard is severely wounded.
The orc hits you with a +0 dagger. The orc closely misses you.
You block the orc's attack.
The orc warrior hits you from afar with a +0 glaive.
The orc wizard completely misses you.
You sock the orc wizard!
You kill the orc wizard!
The orc barely misses you. The orc warrior barely misses you.
The orc hits you but does no damage. The orc barely misses you.
You hit the orc.
The orc is severely wounded.
You block the orc's attack.
The orc warrior hits you from afar with a +0 glaive!
* * * LOW HITPOINT WARNING * * *
The orc barely misses you. The orc closely misses you.
You block the orc's attack.
You closely miss the orc.
The orc is severely wounded.
The orc hits you but does no damage.
The orc warrior hits you but does no damage.
The orc closely misses you. You block the orc's attack.
The orc closely misses you. You block the orc's attack.
The orc hits you with a +0 falchion.
* * * LOW HITPOINT WARNING * * *
The orc warrior closely misses you.
You hit the orc.
You kill the orc!
The orc hits you but does no damage. The orc warrior barely misses you.
The orc barely misses you. The orc hits you with a +0 falchion.
You die...

.##.###..####.### ...#
..#..##.## #...# ..# #
......#.#######.##$.#
...................#
#..##............## .
#..###............####..
........................
#ß.ß.ß...........)......
..⌠.⌠..........o@o......
.ß.∩.ß..)###....oo......
..⌠.⌠....##.......o.....
#ß.ß.ß...##..#.....<....
#....#...............!..
.....#........<#........
.##..#........##........
.##.......#....#........
..(.....#>......


You could see an orc warrior and 4 orcs.

Vanquished Creatures
  Sigmund (D:1)
  A black bear (D:6)
  A phantom (D:5)
  2 scorpions
  A bombardier beetle (D:5)
  3 hounds
  A jelly (D:6)
  3 iguanas
  An orc wizard (D:6)
  Natasha (thrice) (D:3)
  6 adders
  A dart slug (D:1)
  2 ribbon worms
  8 orcs
  10 endoplasms
  3 giant cockroaches
  9 hobgoblins
  7 kobolds
  3 quokkas
  3 ball pythons
  6 bats
  4 frilled lizards
  3 goblins
  5 rats
87 creatures vanquished.

Notes
Turn   | Place    | Note
-------+----------+-------------------------------------------
     0 | D:1      | Dittersdorf the Gargoyle Fighter began the quest for the
                  | Orb.
     0 | D:1      | Reached XP level 1. HP: 14/14 MP: 1/1
    83 | D:1      | Reached XP level 2. HP: 12/19 MP: 2/2
   382 | D:1      | Found a faded altar of an unknown god.
   586 | D:1      | Reached XP level 3. HP: 23/23 MP: 3/3
  1030 | D:2      | Noticed Sigmund
  1151 | D:1      | Killed Sigmund
  1152 | D:1      | Reached skill level 4 in Shields
  1152 | D:1      | Reached XP level 4. HP: 16/30 MP: 4/4
  1152 | D:1      | Reached XP level 5. HP: 18/34 MP: 5/5
  1440 | D:2      | Identified the +3 dagger of Mew Wang {protect, rElec rN+
                  | Int+3}
  1499 | D:2      | Reached XP level 6. HP: 31/39 MP: 6/6
  2042 | D:3      | Noticed Natasha
  2050 | D:3      | Killed Natasha
  2258 | D:3      | Noticed Natasha
  2267 | D:3      | Killed Natasha
  2313 | D:3      | Noticed Natasha
  2323 | D:3      | Killed Natasha
  3213 | D:4      | Reached skill level 5 in Shields
  3329 | D:4      | Reached skill level 5 in Fighting
  3329 | D:4      | Reached skill level 5 in Armour
  3329 | D:4      | Reached XP level 7. HP: 33/44 MP: 7/7
  3587 | D:5      | Entered Level 5 of the Dungeon
  4339 | D:6      | Found Vapavyp's Book Boutique.
  4358 | D:6      | Reached XP level 8. HP: 51/51 MP: 8/8
  4373 | D:6      | Reached skill level 6 in Shields
  4513 | D:6      | HP: 2/51 [orc warrior/+0 glaive (16)]
  4515 | D:6      | Slain by an orc

Illustrated notes

Levels and vault maps discovered:
D:1:      noname_arrival_rooms_in_the_neighbourhood, layout_loops_corners,
          hellmonk_ecumenical_altar_prayer_group, st_stairs_11
D:2:      cheibrodos_helix_gallery, layout_basic, uniq_sigmund
D:3:      layout_loops_ring, guppyfry_early_lair_pool, uniq_natasha
D:4:      layout_layer_cave
D:5:      layout_loops_cross, serial_rivers, chequers_serial_rivers_micro_a,
          chequers_serial_rivers_small_b, chequers_serial_rivers_micro_c,
          chequers_serial_rivers_small_b, chequers_serial_rivers_large_b,
          grunt_ministairs_1
D:6:      layout_rooms, minmay_temple_entry_grid, chequers_ossuary_entry_cave,
          serial_shops, nicolae_shop_temple_entry_statues_fountains,
          kennysheep_nub, kennysheep_decorative_pillar, hex_large, uniq_menkaure

Skill      XL: |  1  2  3  4  5  6  7  8 |
---------------+-------------------------+-----
Fighting       | 4 5 |  5.9
Maces & Flails | 3 4 |  4.9
Armour         | 4 5 |  5.9
Shields        | 4 5 6 |  6.0

Action                     |  1- 3 |  4- 6 |  7- 9 || total
---------------------------+-------+-------+-------++-------
  Melee: Flail             |    65 |   138 |   117 ||   320
    Use: Potion            |     1 |       |       ||     1
         Scroll            |       |       |     7 ||     7
 Armour: Scale mail        |    46 |   110 |   104 ||   260
  Dodge: Dodged            |    32 |    62 |    83 ||   177
  Block: Buckler           |    15 |    34 |    30 ||    79

Table legend: (Time is in decaauts)
 A = Elapsed time spent in this place.
 B = Non-inter-level travel time spent in this place.
 C = Inter-level travel time spent in this place.
 D = Time resting spent in this place.
 E = Time spent auto-exploring this place.
 F = Levels seen in this place.
 G = Mean time per level.
                   A        B        C        D        E       F      G
               +--------+--------+--------+--------+--------+-----+--------+
         Total |   4629 |   4402 |    227 |    199 |   3297 |   6 |  771.5 |
       Dungeon |   4629 |   4402 |    227 |    199 |   3297 |   6 |  771.5 |
               +--------+--------+--------+--------+--------+-----+--------+

Top non-repeatable levels by time:
     D:3: 1424 daAuts
     D:1: 1055 daAuts
     D:5: 758 daAuts
     D:2: 697 daAuts
     D:4: 479 daAuts
     D:6: 212 daAuts
